Map: Lost and Found LE

Players

Scarlett - Winner!

  • Race: Zerg Zerg
  • Spawn Location: 1:00

Harstem

  • Race: Protoss Protoss
  • Spawn Location: 7:00

Event: WCS Montreal 2018

VOD

Have the link to the VOD?

Description

Time

  • Played on: Sept. 7, 2018, 8:13 p.m.
  • Length: 12:58

All games in this series

Show
View Real Time Build Order
Export as new Build Order

Scarlett Zerg - Winner!

Build Orders: Hatch First, Roach Hydra 

Get SALT Encoding   

  12  0:00  Drone  
  13  0:12  Overlord  
  13  0:16  Drone  
  14  0:31  Drone x2  
  16  0:47  Hatchery  
  15  0:50  Drone  
  15  0:54  Drone  
  17  0:57  Drone  
  18  1:08  Extractor  
  17  1:12  Spawning Pool  
  17  1:16  Drone  
  17  1:20  Drone  
  18  1:28  Drone  
  19  1:39  Drone  
  20  1:50  Drone  
  21  1:59  Queen x2  
  21  2:00  Zergling x2, Overlord  
  26  2:08  Metabolic Boost  
  26  2:10  Drone  
  26  2:11  Drone  
  28  2:20  Drone  
  28  2:21  Drone  
  30  2:33  Drone x2  
  32  2:37  Hatchery  
  32  2:41  Queen  
  33  2:47  Overlord  
  33  2:49  Zergling x2  
  34  2:53  Drone  
  34  2:56  Drone  
  36  3:06  Drone x2  
  36  3:07  Drone x2  
  36  3:08  Drone x3  
  36  3:10  Overlord  
  43  3:18  Drone  
  44  3:21  Spore Crawler  
  43  3:28  Overlord  
  43  3:29  Drone x2  
  43  3:30  Queen  
  47  3:34  Queen  
  47  3:38  Overlord  
  47  3:40  Drone x2  
  51  3:46  Overlord  
  51  3:51  Drone x5  
  51  3:53  Drone  
  57  4:00  Spore Crawler  
  56  4:04  Drone x2, Overlord  
  56  4:08  Lair  
  57  4:14  Drone x5  
  57  4:16  Drone  
  62  4:21  Roach Warren  
  62  4:23  Extractor  
  60  4:24  Extractor, Drone  
  60  4:25  Drone  
  60  4:30  Drone  
  62  4:33  Extractor  
  62  4:34  Drone x2  
  62  4:38  Drone, Evolution Chamber  
  64  4:40  Drone x3  
  66  4:47  Drone x2  
  66  4:49  Drone  
  69  4:53  Drone x2  
  69  4:54  Drone x2  
  69  4:58  Zergling x8  
  77  5:02  Roach  
  77  5:05  Zerg Missile Weapons Level 1  
  79  5:08  Hydralisk Den  
  79  5:12  Roach x2  
  82  5:15  Overlord x4  
  81  5:25  Glial Reconstitution, Overlord x2  
  81  5:29  Extractor  
  81  5:31  Extractor  
  81  5:33  Roach  
  81  5:38  Zergling x20  
  91  5:43  Spore Crawler  
  91  5:45  Muscular Augments  
  91  5:47  Spore Crawler  
  89  5:52  Drone  
  89  5:53  Drone x3  
  93  5:59  Drone x2  
  93  6:00  Hydralisk x4  
  99  6:05  Spore Crawler, Drone x2  
  99  6:06  Hydralisk  
  99  6:08  Hatchery  
  99  6:09  Hydralisk  
  99  6:10  Hydralisk  
  105  6:16  Drone x3  
  108  6:21  Drone  
  105  6:28  Hydralisk x2  
  110  6:32  Drone  
  110  6:38  Drone x2  
  112  6:40  Overlord x3  
  112  6:43  Hydralisk  
  113  6:48  Overlord x4  
  113  6:57  Grooved Spines  
  113  7:02  Overlord x2  
  113  7:07  Hydralisk x7  
  127  7:08  Zerg Missile Weapons Level 2  
  127  7:12  Hydralisk x2  
  131  7:17  Roach x3  
  131  7:21  Roach x3  
  143  7:23  Roach  
  147  7:30  Roach x4  
  147  7:33  Roach x2  
  157  7:37  Roach x4  
  157  7:38  Ravager  
  157  7:39  Ravager x2  
  167  7:51  Roach x7  
  174  8:01  Roach x4  
  182  8:06  Overlord  
  182  8:07  Overlord  
  182  8:09  Infestation Pit  
  165  8:21  Drone x4, Roach x8  
  132  8:47  Drone x3  
  132  8:48  Drone x6  
  121  8:49  Drone x6  
  131  8:56  Hydralisk x2  
  131  8:59  Extractor  
  134  9:03  Extractor  
  134  9:04  Hive  
  134  9:09  Drone x6, Hatchery  
  138  9:15  Drone  
  138  9:16  Drone x2  
  141  9:21  Hydralisk  
  141  9:22  Hydralisk x3  
  149  9:27  Drone x3  
  149  9:28  Drone x4  
  150  9:31  Overseer  
  150  9:35  Ravager x4  
  150  9:36  Ravager x4  
  153  9:42  Drone x7  
  153  9:43  Drone  
  153  9:44  Spore Crawler  
  155  9:48  Hydralisk  
  155  9:49  Hydralisk  
  158  9:55  Hydralisk x3  
  158  9:58  Ravager x2  
  166  10:03  Hydralisk x2, Roach  
  166  10:04  Roach  
  174  10:08  Hydralisk x2  
  174  10:11  Hydralisk x2  
  182  10:20  Hydralisk x3  
  188  10:22  Zergling x12  
  188  10:31  Hydralisk x4  
  188  10:32  Zergling x4  
  181  10:40  Hydralisk x4  
  180  10:52  Hydralisk x2  
  180  10:53  Zergling x14  
  182  11:08  Hydralisk x6  
  174  11:14  Hydralisk x3  
  174  11:15  Zergling x10  
  173  11:20  Hydralisk x2, Zergling x2  
  173  11:21  Zergling x2  
  173  11:23  Hydralisk  
  173  11:24  Zergling x2  
  165  11:29  Hydralisk x3  
  165  11:30  Zergling x2  
  168  11:34  Hydralisk, Zergling x2  
  168  11:35  Zergling x4  
  162  11:43  Hydralisk x2  
  162  11:44  Zergling x8  
  151  11:47  Hydralisk x2  
  151  11:51  Hydralisk  
  151  11:52  Zergling x6  
  156  11:54  Hydralisk  
  156  11:57  Hydralisk  
  156  11:58  Zergling x2  
  149  12:03  Hydralisk  
  149  12:07  Hydralisk  
  149  12:08  Zergling x2  
  134  12:12  Hydralisk  
  134  12:13  Zergling x6  
  136  12:16  Hydralisk  
  136  12:21  Hydralisk, Zergling x4  
  136  12:22  Zergling x4  
  142  12:31  Lurker Den  
  142  12:33  Hydralisk x4  
  142  12:34  Zergling x4  
Show
View Real Time Build Order
Export as new Build Order

Harstem Protoss 

Build Orders: 1 Gate Expand, Oracle Opening, Phoenix Opening, Archon Immortal, Mass Phoenix, Zealot Archon 

Get SALT Encoding   

  12  0:00  Probe  
  13  0:13  Probe  
  14  0:18  Pylon  
  14  0:25  Probe  
  15  0:33  Probe  
  15  0:38  Gateway  
  15  0:41  Probe  
  16  0:47  Assimilator  
  17  0:51  Probe  
  18  1:03  Probe  
  19  1:15  Probe  
  20  1:24  Nexus  
  20  1:34  Cybernetics Core  
  20  1:35  Probe  
  21  1:44  Assimilator  
  21  1:47  Probe  
  21  1:51  Pylon  
  22  2:00  Probe  
  23  2:01  Adept  
  23  2:12  Probe  
  26  2:21  Stargate  
  26  2:24  Probe  
  26  2:27  Adept  
  29  2:32  Probe  
  29  2:36  Warp Gate, Probe  
  31  2:40  Probe  
  31  2:48  Probe  
  31  2:50  Probe  
  33  2:57  Phoenix  
  34  3:00  Probe  
  34  3:02  Probe  
  38  3:10  Oracle  
  38  3:11  Pylon  
  38  3:12  Probe  
  39  3:14  Probe  
  39  3:18  Gateway  
  40  3:24  Probe  
  40  3:26  Probe  
  45  3:33  Assimilator  
  45  3:36  Probe  
  45  3:38  Probe  
  47  3:43  Assimilator  
  47  3:44  Pylon  
  47  3:48  Probe  
  47  3:50  Probe  
  47  3:51  Stargate  
  49  4:00  Pylon  
  49  4:01  Probe  
  50  4:02  Probe  
  50  4:08  Phoenix  
  53  4:13  Probe  
  53  4:15  Probe  
  55  4:21  Pylon  
  55  4:25  Phoenix, Probe  
  55  4:26  Phoenix  
  55  4:27  Probe  
  55  4:31  Pylon  
  61  4:38  Probe  
  61  4:41  Adept x2  
  66  4:46  Pylon  
  66  4:48  Phoenix  
  66  4:49  Phoenix  
  70  5:01  Nexus  
  70  5:06  Pylon  
  70  5:07  Probe  
  70  5:10  Probe  
  70  5:13  Phoenix  
  74  5:15  Phoenix  
  74  5:19  Probe  
  77  5:24  Forge  
  77  5:25  Twilight Council, Probe  
  78  5:32  Probe  
  79  5:37  Gateway x2  
  79  5:38  Probe  
  79  5:41  Probe  
  80  5:46  Probe  
  80  5:48  Zealot  
  80  5:49  Protoss Ground Weapons Level 1, Probe  
  83  5:54  Probe  
  85  5:58  Probe  
  85  6:02  Robotics Facility  
  87  6:05  Probe, Charge  
  87  6:06  Shield Battery  
  87  6:07  Zealot  
  90  6:12  Sentry  
  90  6:14  Probe  
  90  6:15  Probe  
  94  6:20  Probe  
  95  6:26  Probe  
  95  6:29  Shield Battery  
  95  6:30  Probe  
  95  6:32  Zealot  
  99  6:34  Assimilator  
  99  6:37  Assimilator  
  99  6:38  Templar Archives  
  99  6:40  Pylon  
  99  6:42  Warp Prism, Probe  
  100  6:48  Gateway  
  100  6:52  Gateway  
  100  6:54  Gateway  
  100  6:56  Gateway  
  100  7:00  Zealot x2  
  100  7:01  Probe  
  107  7:05  Probe  
  106  7:09  Immortal  
  106  7:16  Pylon  
  106  7:17  High Templar x2  
  106  7:18  Shield Battery  
  114  7:24  High Templar x2  
  114  7:25  Archon  
  114  7:29  Archon  
  118  7:32  Probe  
  119  7:38  Gateway  
  119  7:39  Pylon  
  119  7:40  Gateway  
  119  7:45  Pylon, Immortal  
  121  7:52  Probe  
  121  7:54  Pylon, Zealot  
  121  7:58  Zealot x7  
  138  8:15  Pylon  
  138  8:16  Immortal  
  138  8:17  Zealot  
  138  8:19  High Templar x3  
  144  8:20  High Templar, Zealot x3  
  144  8:23  Archon  
  144  8:26  Archon  
  134  8:40  Zealot x4  
  136  8:44  Probe  
  136  8:46  Warp Prism, Protoss Ground Weapons Level 2  
  136  8:48  Probe  
  134  8:53  Gateway  
  134  8:55  Gateway  
  136  8:57  High Templar  
  136  8:58  High Templar  
  136  9:02  High Templar x2, Archon  
  142  9:03  High Templar x2  
  142  9:06  Nexus  
  142  9:08  Archon  
  142  9:09  Archon  
  148  9:13  Pylon  
  148  9:16  Pylon, Probe  
  149  9:18  Pylon, Zealot  
  149  9:20  Probe  
  149  9:21  Zealot  
  154  9:26  Immortal  
  154  9:37  Zealot x3  
  164  9:44  Psionic Storm  
  160  9:53  Sentry x3, Zealot x2  
  160  9:56  Probe  
  160  9:58  Pylon, Zealot x2  
  160  9:59  Pylon  
  175  10:10  High Templar x2  
  175  10:11  Zealot  
  181  10:18  Zealot x5  
  189  10:32  Zealot x2  
  189  10:33  Zealot  
  183  10:42  Immortal, Zealot x3  
  179  10:43  Zealot x3  
  179  10:49  Sentry  
  185  10:55  High Templar x2  
  193  11:00  Zealot  
  183  11:08  Zealot x6  
  173  11:14  Probe  
  172  11:19  Zealot  
  154  11:28  Zealot x8  
  154  11:31  Zealot  
  166  11:46  Archon  
  145  11:47  Archon  
  145  11:48  Zealot x4  
  145  11:49  Zealot x5  
  145  11:55  Zealot  
  114  12:07  Probe  
  96  12:11  Zealot x4  
  96  12:12  Zealot x5  
  100  12:16  Probe  
  100  12:17  Probe  
  100  12:18  Immortal  
  102  12:25  Probe  
  107  12:32  High Templar x2  
  107  12:33  High Templar x3  
  107  12:34  High Templar x2  
  107  12:36  High Templar x2, Sentry  
  127  12:38  Archon  
  127  12:42  Archon  
  100  12:52  Archon  
Tags
 
Add a new tag
Caveats
  • Supply blocks, unpowered buildings, or Contaminate may cause inaccurate times.
  • Supply counts are checked every 10 seconds.